 Dungeon Crawl Stone Soup version 0.25-a0-189-gf71692caf1 (webtiles) character file.

Game seed: 166839750229781717, levelgen mode: classic

1253 EnegeticOcto the Chopper (level 8, 0/70 HPs)
             Began as a Minotaur Fighter on Nov 29, 2019.
             Was an Initiate of Gozag.
             Slain by Grinder (3 damage)
             ... on level 5 of the Dungeon.
             The game lasted 00:03:01 (4524 turns).

EnegeticOcto the Chopper (Minotaur Fighter)         Turns: 4524, Time: 00:03:02

Health: 0/70       AC:  7    Str: 28    XL:     8   Next: 26%
Magic:  9/9        EV: 10    Int:  5    God:    Gozag
Gold:   192        SH: 11    Dex: 10    Spells: 7/7 levels left

rFire    . . .     SeeInvis +   a - +0 war axe
rCold    . . .     Gourm    .   c - +0 shield
rNeg     . . .     Faith    .   b - +0 scale mail
rPois    +         Spirit   .   (helmet restricted)
rElec    .         Reflect  .   (no cloak)
rCorr    +         Harm     .   (no gloves)
MR       .....                  (no boots)
Stlth    ..........             j - amulet of rage
HPRegen  0.21/turn              o - ring of resist corrosion
MPRegen  0.11/turn              s - ring of Miahoci {Wiz rPois Slay+3 SInv}

@: mighty, gold aura
A: retaliatory headbutt, horns 2
a: Potion Petition, Call Merchant, Bribe Branch, Renounce Religion, Evoke
Berserk Rage


You were on level 5 of the Dungeon.
You worshipped Gozag.
Gozag was aware of your devotion.
You were not hungry.

You visited 2 branches of the dungeon, and saw 6 of its levels.

You collected 259 gold pieces.
You paid 67 gold pieces to Gozag.

Inventory:

Hand Weapons
 a - a +0 war axe (weapon)
Armour
 b - a +0 scale mail (worn)
 c - a +0 shield (worn)
Jewellery
 j - an amulet of rage (around neck)
 o - a ring of resist corrosion (left hand)
 s - the ring of Miahoci (right hand) {Wiz rPois Slay+3 SInv}
   (You found it on level 4 of the Dungeon)

   [ring of wizardry]

   It improves your spell success rate.
   It affects your accuracy and damage with ranged weapons and melee attacks
   (+3).
   It protects you from poison.
   It lets you see invisible.
Wands
 f - a wand of scattershot (2)
Scrolls
 g - a scroll of magic mapping {unknown}
 h - 3 scrolls of amnesia
 i - 2 scrolls of teleportation {@r3}
 m - a scroll of remove curse {@r2}
Potions
 l - a potion of magic {unknown}
 n - a potion of ambrosia {unknown}
 q - a potion of lignification {unknown}
 r - a potion of curing {@q1}
 t - a potion of invisibility
 v - a potion of degeneration
Comestibles
 e - 8 rations


   Skills:
 + Level 5.8 Fighting
 * Level 6.8 Axes
 + Level 5.8 Armour
 + Level 3.8 Dodging
 + Level 5.8 Shields
 + Level 2.9 Evocations


You had 7 spell levels left.
You didn't know any spells.
Your spell library was empty.

Dungeon Overview and Level Annotations

Branches:
Dungeon (5/15)             Temple (1/1) D:5

Altars:
Ashenzari
Elyvilon
Fedhas
Gozag
Hepliaklqana
Kikubaaqudgha
Makhleb
Nemelex Xobeh
Okawaru
Qazlal
Sif Muna
Trog
Wu Jian
Xom

Shops:
D:4 =

Annotations:
D:5 Grinder


Innate Abilities, Weirdness & Mutations

You reflexively headbutt those who attack you in melee.
You have a pair of horns on your head.


Message History

Things that are here:
a +0 short sword; a +0 ring mail You now have 192 gold pieces (gained 6).
Things that are here:
a +0 dagger; a +0 robe
Found a stone staircase leading up.
You open the door.
There is an open door here.
You open the door.
There is an open door here.
Prince Ribbit comes into view.
Prince Ribbit gives a loud, deep croak!
You hear a shout!
Found 15 gold pieces.
Prince Ribbit is nearby!
You eat one of the 9 rations.
That ration really hit the spot!
Grinder comes into view.
Grinder drinks a potion.
Grinder suddenly seems more agile.
Found a leatherbound book.
You closely miss Prince Ribbit. You headbutt Prince Ribbit!
Prince Ribbit is lightly wounded.
Prince Ribbit barely misses you. You furiously retaliate!
You headbutt Prince Ribbit. Prince Ribbit hits you!
You closely miss Prince Ribbit. Your headbutt misses Prince Ribbit.
Prince Ribbit is moderately wounded.
You block Prince Ribbit's attack.
Grinder blinks!
You miss Prince Ribbit. Your headbutt misses Prince Ribbit.
Prince Ribbit is moderately wounded.
You block Prince Ribbit's attack.
Prince Ribbit blinks!
Prince Ribbit hits you!
You barely miss Prince Ribbit. You headbutt Prince Ribbit!
Prince Ribbit is heavily wounded.
You block Prince Ribbit's attack. Prince Ribbit hits you!
You hit Prince Ribbit.
Prince Ribbit is severely wounded.
Prince Ribbit hits you! x2
* * * LOW HITPOINT WARNING * * *
You are too injured to fight recklessly!
You are too injured to fight recklessly!
You are too injured to fight recklessly!
You are too injured to fight recklessly!
You are too injured to fight recklessly!
You are too injured to fight recklessly!
You are too injured to fight recklessly!
You are too injured to fight recklessly!
You are too injured to fight recklessly!
You are too injured to fight recklessly!
You are too injured to fight recklessly!
You are too injured to fight recklessly!
You are too injured to fight recklessly!
You are too injured to fight recklessly!
You are too injured to fight recklessly!
You are too injured to fight recklessly!
Okay, then.
You feel much better. Prince Ribbit hits you.
Unknown command.
You feel very mighty all of a sudden. You block Prince Ribbit's attack.
Prince Ribbit closely misses you. You furiously retaliate!
You headbutt Prince Ribbit!!
You kill Prince Ribbit!
Prince Ribbit returns to his original shape as he dies.
Grinder says, "Mostly I couldn't keep them alive."
Grinder gestures at you. You resist with some effort.
You completely miss Grinder. Grinder hits you!
You writhe in agony.
You are too injured to fight recklessly!
You are too injured to fight recklessly!
You are too injured to fight recklessly!
You are too injured to fight recklessly!
You are too injured to fight recklessly!
You are too injured to fight recklessly!
You are too injured to fight recklessly!
You are too injured to fight recklessly!
You are too injured to fight recklessly!
You are too injured to fight recklessly!
You are too injured to fight recklessly!
You are too injured to fight recklessly!
You are too injured to fight recklessly!
You are too injured to fight recklessly!
You are too injured to fight recklessly!
You slash Grinder! Your headbutt misses Grinder.
Grinder is moderately wounded.
Grinder hits you but does no damage. x2
You barely miss Grinder. Your headbutt misses Grinder.
Grinder is moderately wounded.
Grinder hits you!
* * * LOW HITPOINT WARNING * * *
You writhe in agony.
* * * LOW HITPOINT WARNING * * *
You slice Grinder!!
Grinder is almost dead.
Grinder gestures at you. Pain shoots through your body!
* * * LOW HITPOINT WARNING * * *
You miss Grinder.
Grinder is almost dead.
Grinder hits you!
* * * LOW HITPOINT WARNING * * *
You writhe in agony.
You die...
Your body crumbles into a pile of gold.

:$.######
......5.######
#@.$...#
#.####.#
#..8...#
#......#
###8...8##
#.......#
#.#..8..# ##+#
#.#######
##...## #.#


You could see Grinder.

Vanquished Creatures
  Prince Ribbit (D:5)
  Duvessa (D:5)
  3 ice beasts (D:5)
  An ogre (D:4)
  Dowan (D:5)
  A crimson imp (D:5)
  A bullfrog zombie (D:5)
  2 hounds
  A centaur skeleton (D:4)
  Ijyb (D:5)
  An iguana (D:5)
  An orc wizard (D:3)
  8 worker ants
  3 gnolls (D:3)
  2 adders
  3 oozes
  4 worms
  A leopard gecko (D:3)
  4 orcs (D:3)
  4 ball pythons
  7 bats
  2 giant cockroaches
  4 goblins
  4 hobgoblins
  7 kobolds
  A quokka (D:2)
  A frilled lizard (D:3)
  A quokka skeleton (D:5)
  7 rats
78 creatures vanquished.

Notes
Turn   | Place    | Note
-------+----------+-------------------------------------------
     0 | D:1      | EnegeticOcto the Minotaur Fighter began the quest for the
                  | Orb.
     0 | D:1      | Reached XP level 1. HP: 19/19 MP: 0/0
   612 | D:1      | Found a shattered altar of Ashenzari.
   623 | D:1      | Reached XP level 2. HP: 27/27 MP: 1/1
  1076 | D:2      | Reached skill level 3 in Axes
  1251 | D:2      | Reached skill level 1 in Dodging
  1336 | D:2      | Reached XP level 3. HP: 33/33 MP: 2/2
  1584 | D:3      | Reached XP level 4. HP: 16/40 MP: 3/3
  2013 | D:3      | Reached skill level 4 in Axes
  2468 | D:4      | Reached skill level 1 in Evocations
  2468 | D:4      | Reached XP level 5. HP: 36/47 MP: 4/4
  2687 | D:4      | Got a fine tin ring
  2688 | D:4      | Identified the ring of Miahoci {Wiz rPois Slay+3 SInv} (You
                  | found it on level 4 of the Dungeon)
  2764 | D:4      | Noticed an ogre
  2769 | D:4      | Killed an ogre
  2769 | D:4      | Reached XP level 6. HP: 38/53 MP: 4/6
  2960 | D:4      | Found Lebiw's Jewellery Shoppe.
  3381 | D:5      | Entered Level 5 of the Dungeon
  3405 | D:5      | Noticed an ice beast
  3414 | D:5      | Killed an ice beast
  3414 | D:5      | Reached skill level 5 in Axes
  3684 | D:5      | Noticed an ice beast
  3689 | D:5      | Killed an ice beast
  3689 | D:5      | Reached skill level 5 in Fighting
  3689 | D:5      | Reached skill level 5 in Shields
  3689 | D:5      | Reached XP level 7. HP: 45/61 MP: 7/7
  3765 | D:5      | Noticed Ijyb
  3776 | D:5      | Killed Ijyb
  3777 | D:5      | Found a staircase to the Ecumenical Temple.
  3779 | D:5      | Reached skill level 5 in Armour
  3797 | Temple   | Entered the Ecumenical Temple
  3933 | Temple   | Became a worshipper of Gozag Ym Sagoz the Greedy
  4167 | D:5      | Noticed Duvessa
  4169 | D:5      | Noticed Dowan
  4177 | D:5      | Killed Dowan
  4192 | D:5      | Reached skill level 6 in Axes
  4195 | D:5      | Killed Duvessa
  4199 | D:5      | Reached XP level 8. HP: 28/69 MP: 8/8
  4508 | D:5      | Noticed Prince Ribbit
  4510 | D:5      | Noticed Grinder
  4518 | D:5      | Killed Prince Ribbit
  4524 | D:5      | HP: 3/70 [Grinder (8)]
  4524 | D:5      | Slain by Grinder

Levels and vault maps discovered:
D:1:      minmay_arrival_jagged, layout_loops_corners, nrook_mini_vaults,
          ashenzari_altar_1
D:2:      layout_rooms, first_ration
D:3:      layout_loops_ring
D:4:      layout_basic, serial_shops, shop
D:5:      layout_loops_corners, lemuel_doored_altar, minmay_temple_entry_waves,
          nicolae_ossuary_entry_monument, hex_large, lightli_minifort,
          uniq_ijyb, uniq_grinder, uniq_prince_ribbit1, uniq_duvessa
Temple:   compressed_dpeg_circular_temple

Skill      XL: |  1  2  3  4  5  6  7 |
---------------+----------------------+-----
Axes           | 3 4 5 6 |  6.8
Dodging        | 1 2 3 |  3.8
Fighting       | 4 5 |  5.8
Armour         | 4 5 |  5.8
Shields        | 4 5 |  5.8
Evocations     | 1 2 |  2.9

Action                   |  1- 3 |  4- 6 |  7- 9 || total
-------------------------+-------+-------+-------++-------
Melee: War axe           |    85 |    72 |    64 ||   221
       Headbutt          |    15 |    15 |     9 ||    39
Invok: Potion Petition   |       |       |     1 ||     1
  Use: Potion            |       |     1 |     4 ||     5
       Scroll            |       |    10 |       ||    10
  Eat: Chunk             |     2 |     6 |     2 ||    10
       Ration            |       |       |     1 ||     1
Armor: Scale mail        |    27 |    22 |    44 ||    93
Dodge: Dodged            |    35 |    22 |    31 ||    88
Block: Shield            |    40 |    28 |    55 ||   123

Table legend:
 A = Non-vault XP
 B = Vault XP
 C = Vault XP percentage of total XP
 D = Non-vault monster count
 E = Vault monster count
 F = Vault count percentage of total count
                 A         B        C        D         E       F
            +---------+---------+-------+---------+---------+-------
      Total |    1255 |     536 |  29.9 |      74 |       4 |   5.1
            +---------+---------+-------+---------+---------+-------
        D:1 |      16 |       0 |   0.0 |      10 |       0 |   0.0
        D:2 |      37 |       0 |   0.0 |      20 |       0 |   0.0
        D:3 |     137 |       0 |   0.0 |      21 |       0 |   0.0
        D:4 |     254 |       0 |   0.0 |       6 |       0 |   0.0
        D:5 |     811 |     536 |  39.8 |      17 |       4 |  19.0
            +---------+---------+-------+---------+---------+-------
